 Dungeon Crawl Stone Soup version 0.27-a0-1046-g98bf31544f (webtiles) character file.

Game seed: 17158048087523224684

156 Mgcat the Skirmisher (level 5, -3/62 HPs)
             Began as an Ogre Fighter on Apr 19, 2021.
             Was a Follower of Nemelex Xobeh.
             Slain by Sigmund
             ... wielding a +4 scythe of venom
              (5 damage)
             ... on level 2 of the Dungeon.
             The game lasted 00:05:03 (3709 turns).

Mgcat the Skirmisher (Ogre Fighter)                 Turns: 3709, Time: 00:05:03

Health: -3/62      AC:  5    Str: 21      XL:     5   Next: 37%
Magic:  0/6        EV:  8    Int:  8 (9)  God:    Nemelex Xobeh [*.....]
Gold:   224        SH:  8    Dex: 13 (14) Spells: 4/4 levels left

rFire    . . .     SeeInvis .   a - +0 war axe
rCold    . . .     Faith    .   c - +0 kite shield
rNeg     . . .     Spirit   +   b - +0 robe
rPois    +         Reflect  .   (helmet restricted)
rElec    .         Harm     .   (no cloak)
rCorr    .         Rampage  .   (gloves unavailable)
Will     +....                  (boots unavailable)
Stlth    +.........             r - amulet of guardian spirit {Spirit}
HPRegen  0.20/turn              u - +6 ring of dexterity
MPRegen  0.10/turn              (no ring)

@: lethally poisoned (-3 -> -7), flying, hasted, very quick
A: large, unfitting armour, tough skin 1, iridescent scales 1, strong-willed 1,
poison resistance, robust 1
a: Renounce Religion, Draw Escape, Draw Destruction, Draw Summoning


You were on level 2 of the Dungeon.
You worshipped Nemelex Xobeh.
Nemelex Xobeh was aware of your devotion.
You visited 1 branch of the dungeon, and saw 4 of its levels.

You collected 224 gold pieces.

Inventory:

Hand Weapons
 a - a +0 war axe (weapon)
Armour
 b - a +0 robe (worn)
 c - a +0 kite shield (worn)
Jewellery
 p - a ring of flight {+Fly, !d}
   (You found it on level 3 of the Dungeon)
 r - an amulet of guardian spirit (around neck) {Spirit}
   (You found it on level 3 of the Dungeon)
 t - a +4 ring of evasion
   (You took it off an orc on level 4 of the Dungeon)
 u - a +6 ring of dexterity (left hand)
   (You found it on level 4 of the Dungeon)
Scrolls
 f - a scroll of blinking {unknown}
 h - 2 scrolls of teleportation {unknown}
 j - a scroll of brand weapon {unknown}
 k - 2 scrolls of identify {unknown}
 n - a scroll of silence {unknown}
 o - a scroll of fog {unknown}
Potions
 d - a potion of might
 e - a potion of mutation {!q}
 i - a potion of flight
 l - a potion of lignification {!q}
 m - a potion of degeneration {!q}
 q - 2 potions of magic
 s - a potion of heal wounds {unknown}


   Skills:
 + Level 5.2 Fighting
 * Level 4.3 Axes
 - Level 2.6 Dodging
 - Level 2.6 Shields
 + Level 1.8 Invocations


You had 4 spell levels left.
You didn't know any spells.
Your spell library contained the following spells:

 Spells                   Type           Power      Damage    Failure   Level
 Corona                   Hex            0%         N/A       86%         1
 Magic Dart               Conj           0%         1d3       86%         1
 Summon Small Mammal      Summ           0%         N/A       86%         1
 Call Imp                 Summ           0%         N/A       95%         2
 Ensorcelled Hibernation  Hex/Ice        0%         N/A       95%         2
 Searing Ray              Conj           0%         3d3       95%         2
 Call Canine Familiar     Summ           0%         N/A       99%         3
 Confusing Touch          Hex            0%         N/A       99%         3
 Dazzling Flash           Conj/Hex       0%         N/A       99%         3
 Summon Guardian Golem    Hex/Summ       0%         N/A       99%         3
 Tukima's Dance           Hex            0%         N/A       99%         3
 Fulminant Prism          Conj/Hex       0%         3d6       100%        4
 Iskenderun's Mystic Bla  Conj/Tloc      0%         2d3       100%        4
 Summon Ice Beast         Ice/Summ       0%         N/A       100%        4
 Summon Lightning Spire   Summ/Air       0%         N/A       100%        4


Dungeon Overview and Level Annotations

Branches:
Dungeon (4/15)
 Temple: D:4-7

Altars:
Nemelex Xobeh

Annotations:
D:2 Sigmund


Innate Abilities, Weirdness & Mutations

You are too large for most types of armour.
You have tough skin. (AC +1)
You are partially covered in iridescent scales. (AC +2)
You are strong-willed. (Will+)
Your system is resistant to poisons. (rPois)
You are robust. (+10% HP)


Message History

You closely miss the adder.
The adder is severely wounded.
You closely miss the jackal. The adder bites you.
You block the jackal's attack.
The orange demon stings you but does no damage.
The adder bites you. You block the orange demon's attack.
The jackal barely misses you.
You take 3 damage, and have 39/62 hp.
You hit the adder.
The adder is almost dead.
You slash the jackal!
You kill the jackal!
The adder barely misses you. The adder bites you but does no damage.
The orange demon barely misses you.
You hit the adder.
You kill the adder!
The orange demon closely misses you. x2
Items here: $ ††††.
The orange demon stings you. You block the orange demon's attack.
You take 4 damage, and have 35/62 hp.
You now have 5/6 mp.
The orange demon barely misses you.
Items here: $ ††††.
You now have 224 gold pieces (gained 10).
You block the orange demon's attack.
An orange demon is nearby!
Unknown command.
You block the orange demon's attack. The orange demon hits you.
You take 1 damage, and have 34/62 hp.
The orange demon stings you from afar.
Items here: ††††.
You take 4 damage, and have 30/62 hp.
MP restored: 6 You see here 12 gold pieces.
You see here a +0 ring mail.
There is an escape hatch in the ceiling here.
The orange demon barely misses you. A mysterious force pulls you upwards.
The hatch slams shut behind you.
You start resting.
HP restored.
You regained 11 hp, and now have 52/62 hp.
You start resting.
HP restored.
Health restored: 62 Unknown command.
(D) Dungeon
Where to? (Enter - D:4, ? - help)
What level of the Dungeon? (default 1, ? - help)
There is a stone staircase leading up here.
You climb upwards.
Level annotation: Sigmund
There is a stone staircase leading down here.
You see here a hobgoblin skeleton.
There is a stone staircase leading down here.
Sigmund is nearby!
Spoiler Alert: Sigmund (wandering) can cast Slow, Confuse, Throw Flame, and go Invisible!
You draw a card...
You have drawn the Storm.
A fierce wind blows from the card.
The electrical discharge engulfs Sigmund!!
Sigmund is severely wounded.
Sigmund shouts!
You hear mighty peals of thunder!
Spoiler Alert: Sigmund can cast Slow, Confuse, Throw Flame, and go Invisible!
Sigmund points at himself and mumbles some strange words.
Sigmund flickers and vanishes!
Deactivating autopickup; reactivate with Ctrl-A.
You draw a card...
You have drawn the Storm.
A fierce wind blows from the card.
The electrical discharge engulfs something.
You hear mighty peals of thunder!
The deck of cards glows slightly and disappears.
A puff of flame appears from out of thin air!
The puff of flame hits you!
You take 10 damage, and have 52/62 hp.
Unknown command.
A puff of flame appears from out of thin air!
The puff of flame hits you!
You take 10 damage, and have 42/62 hp.
You now have 5/6 mp.
Something hits you!
You are poisoned.
You take 5 damage, and have 37/62 hp.
You now have 4/6 mp.
You feel very sick. Something hits you!
You take 12 damage, and have 25/62 hp.
You now have 3/6 mp.
Your shield prevents you from hitting something.
You feel very sick. Something hits you!
* * * LOW HITPOINT WARNING * * *
You take 14 damage, and have 11/62 hp.
MASSIVE DAMAGE!!
You now have 2/6 mp.
It was a potion of magic.
Magic courses through your body.
You feel sick. Something hits you.
* * * LOW HITPOINT WARNING * * *
You take 5 damage, and have 6/62 hp.
You regained 2 mp, and now have 4/6 mp.
It was a potion of flight.
You feel very buoyant.
You fly up into the air.
You feel sick. Something hits you!
* * * LOW HITPOINT WARNING * * *
You take 4 damage, and have 2/62 hp.
You now have 0/6 mp.
It was a potion of haste.
You feel yourself speed up.
* * * LOW HITPOINT WARNING * * *
You feel sick. Something hits you.
You die...
Your body glows slightly and disappears.

.# .#
######.###
#........ ..#
#.# #..# #.#
#.###.#.## #.#
#.##.##..####.#
#...........#.#
##.####.##@.#.#
#.##
#.###{#.####
#.# #.#
#.....<# ## ###
#.#.######
#.#......#
#.#.####.#
#...# #.#
####### #####
#.# ......#
####.#


There were no monsters in sight!

Vanquished Creatures
  An orc wizard (D:4)
  2 gnolls (D:3)
  A river rat (D:3)
  2 adders
  2 worms
  6 orcs
  5 endoplasms
  2 giant cockroaches
  5 goblins
  10 hobgoblins
  9 jackals
  5 quokkas
  9 ball pythons
  5 bats
  4 frilled lizards
  2 kobolds
  3 rats
73 creatures vanquished.

Notes
Turn   | Place    | Note
-------+----------+-------------------------------------------
     0 | D:1      | Mgcat the Ogre Fighter began the quest for the Orb.
     0 | D:1      | Reached XP level 1. HP: 24/24 MP: 1/1
   301 | D:1      | Reached XP level 2. HP: 17/32 MP: 2/2
   308 | D:1      | HP: 7/32 [jackal (2)]
  1075 | D:1      | Reached skill level 3 in Axes
  1106 | D:1      | Reached XP level 3. HP: 39/40 MP: 3/3
  1269 | D:2      | Found a faded altar of an unknown god.
  1385 | D:2      | Became a worshipper of Nemelex Xobeh the Trickster
  1385 | D:2      | Reached * piety under Nemelex Xobeh
  2004 | D:2      | Gained mutation: Your system is resistant to poisons.
                  | (rPois) [potion of mutation]
  2004 | D:2      | Gained mutation: You are strong-willed. (Will+) [potion of
                  | mutation]
  2004 | D:2      | Gained mutation: You are partially covered in iridescent
                  | scales. (AC +2) [potion of mutation]
  2004 | D:2      | Gained mutation: You are robust. (+10% HP) [potion of
                  | mutation]
  2013 | D:2      | HP: 16/66 [poisoned by an adder]
  2014 | D:2      | Reached XP level 4. HP: 20/53 MP: 4/4
  2312 | D:2      | Noticed Sigmund
  2626 | D:3      | Received a gift from Nemelex Xobeh
  2654 | D:3      | Reached skill level 1 in Invocations
  2838 | D:3      | HP: 12/53 [worm (9)]
  3121 | D:3      | Reached skill level 5 in Fighting
  3253 | D:4      | Reached skill level 4 in Axes
  3253 | D:4      | Reached XP level 5. HP: 50/62 MP: 3/6
  3439 | D:4      | Noticed an orange demon
  3706 | D:2      | HP: 11/62 [something (10)]
  3708 | D:2      | HP: 5/62 [poisoned by Sigmund]
  3708 | D:2      | HP: 2/62 [something (3)]
  3709 | D:2      | Slain by Sigmund

Illustrated notes

Levels and vault maps discovered:
D:1:      wheals_arrival_shading, layout_loops_corners, item_on_display_a
D:2:      minmay_chambers_of_twos, layout_basic, basic_ecumenical_altar,
          minivault_27, hangedman_abyss_or_decor_stabs, uniq_sigmund
D:3:      layout_rooms, grunt_decor_clamped
D:4:      layout_loops_ring, hex_medium, serial_bayou_pond_e,
          minmay_misc_feat_hallway

Skill      XL: |  1  2  3  4 |
---------------+-------------+-----
Axes           | 3 4 |  4.3
Invocations    | 1 |  1.8
Fighting       | 5 |  5.2
Dodging        | |  2.6
Shields        | |  2.6

Action                   |  1- 3 |  4- 6 || total
-------------------------+-------+-------++-------
Melee: War axe           |   125 |    90 ||   215
Invok: Draw Destruction  |       |     6 ||     6
       Draw Summoning    |       |     1 ||     1
  Use: Potion            |     3 |     3 ||     6
Armor: Robe              |    44 |    22 ||    66
       Skin              |     8 |       ||     8
Dodge: Dodged            |    49 |    30 ||    79
Block: Kite shield       |    52 |    47 ||    99

Table legend: (Time is in decaauts)
 A = Elapsed time spent in this place.
 B = Non-inter-level travel time spent in this place.
 C = Inter-level travel time spent in this place.
 D = Time resting spent in this place.
 E = Time spent auto-exploring this place.
 F = Levels seen in this place.
 G = Mean time per level.
                   A        B        C        D        E       F      G
               +--------+--------+--------+--------+--------+-----+--------+
         Total |   3827 |   3677 |    150 |   1120 |   1908 |   4 |  956.8 |
       Dungeon |   3827 |   3677 |    150 |   1120 |   1908 |   4 |  956.8 |
               +--------+--------+--------+--------+--------+-----+--------+

Top non-repeatable levels by time:
     D:2: 1398 daAuts
     D:1: 1233 daAuts
     D:3: 881 daAuts
     D:4: 313 daAuts

Table legend:
 A = Kills in this place as a percentage of kills in entire the game.
 B = Kills by you in this place as a percentage of kills by you in the entire game.
 C = Kills by friends in this place as a percentage of kills by friends in the entire game.
 D = Other kills in this place as a percentage of other kills in the entire game.
 E = Experience gained in this place as a percentage of experience gained in the entire game.
 F = Experience gained in this place divided by the number of levels of this place that you have seen.
                   A       B       C       D       E      F
               +-------+-------+-------+-------+-------+----------------------
         Total | 100.0 | 100.0 |   N/A |   N/A | 100.0 |  55.8
       Dungeon | 100.0 | 100.0 |   N/A |   N/A | 100.0 |  55.8
               +-------+-------+-------+-------+-------+----------------------
